 Dungeon Crawl Stone Soup version 0.30-b1-2-g02819fbbbe (webtiles) character file.

Game seed: 11105040736393004871

70 Metae the Covered (level 4, -2/40 HPs)
             Began as a Minotaur Fighter on July 4, 2023.
             Killed by divine providence
             ... invoked by an orc priest
              (11 damage)
             ... on level 3 of the Dungeon.
             The game lasted 00:03:20 (1929 turns).

Metae the Covered (Minotaur Fighter)                Turns: 1929, Time: 00:03:21

Health: -2/40      AC: 14    Str: 23    XL:     4   Next: 3%
Magic:  3/3        EV:  7    Int:  5    God:
Gold:   114        SH:  8    Dex:  9    Spells: 3/3 levels left

rFire   . . .        a - +0 war axe
rCold   . . .        i - +0 kite shield
rNeg    . . .        l - +0 chain mail
rPois   .            (helmet restricted)
rElec   .            (no cloak)
rCorr   .            (no gloves)
SInv    .            j - +0 pair of boots
Will    .....        (no amulet) Stlth
                     m - +4 ring of protection
HPRegen 0.26/turn    (no ring)
MPRegen 0.08/turn

%: no passive effects
@: no status effects
A: horns 2, retaliatory headbutt
a: no special abilities


You were on level 3 of the Dungeon.
You visited 1 branch of the dungeon, and saw 3 of its levels.

You collected 114 gold pieces.

Inventory:

Hand Weapons
 a - a +0 war axe (weapon)
Missiles
 e - 27 stones (quivered)
 n - 3 boomerangs
Armour
 i - a +0 kite shield (worn)
 j - a +0 pair of boots (worn)
 l - a +0 chain mail (worn)
Jewellery
 m - a +4 ring of protection (left hand)
Scrolls
 b - a scroll of torment {unknown}
 c - 2 scrolls of identify {unknown}
 f - a scroll of vulnerability {unknown}
 k - a scroll of enchant armour {unknown}
 q - 2 scrolls of teleportation {unknown}
 r - a scroll of enchant weapon {unknown}
Potions
 d - a potion of might
 g - a potion of heal wounds {unknown}
 h - 2 potions of lignification {unknown}
 o - a potion of brilliance {unknown}
 p - 2 potions of mutation {unknown}


   Skills:
 + Level 4.1 Fighting
 + Level 3.2 Axes
 + Level 4.2 Armour
 + Level 1.5 Dodging
 + Level 4.2 Shields


You had 3 spell levels left.
You didn't know any spells.
Your spell library contained the following spells:

 Spells                   Type           Power      Damage    Failure   Level
 Necrotise                Necr           0%         1d4       100%        1
 Vampiric Draining        Necr           0%         2d6       100%        3
 Vhi's Electric Charge    Tloc/Air       0%         N/A       100%        3
 Agony                    Necr           0%         N/A       100%        5
 Arcjolt                  Conj/Air       0%         1d10      100%        5
 Plasma Beam              Fire/Air       0%         2x1d11    100%        6


Dungeon Overview and Level Annotations

Branches:
Dungeon (3/15)

Altars:


Innate Abilities, Weirdness & Mutations

You have a pair of horns on your head.
You reflexively headbutt those who attack you in melee.


Message History

You have reached level 4!
You feel stronger.
An orc comes into view. It is wielding a +0 dagger.
Things that are here:
a +0 club; a goblin corpse The orc shouts!
An orc priest comes into view. It is wielding a +0 dagger.
The orc priest shouts!
Things that are here:
a +0 club; a goblin corpse An orc comes into view.
It is wielding a +0 morningstar.
The orc priest invokes the aid of Beogh against you.
Pain shoots through your body! The orc hits you but does no damage.
The orc priest hits you but does no damage.
You hit the orc but do no damage. You block the orc's attack.
The orc priest hits you but does no damage.
The orc priest calls down the wrath of Beogh upon you.
Beogh smites you! The orc hits you with a +0 dagger.
You block the orc priest's attack.
You slash the orc!
You kill the orc!
You block the orc priest's attack.
The orc priest hits you but does no damage.
Things that are here:
a +0 dagger; a +0 scale mail You hit the orc priest.
Your headbutt misses the orc priest.
The orc priest is moderately wounded.
The orc priest miscasts a cantrip.
The orc priest calls down the wrath of Beogh upon you.
Pain shoots through your body!
* * * LOW HITPOINT WARNING * * *
You barely miss the orc priest.
The orc priest is moderately wounded.
You block the orc priest's attack.
You slash the orc priest!
You kill the orc priest!
The orc priest calls down the wrath of Beogh upon you.
Beogh smites you!
You die...

#.#.# #.#.# #.#.###
#.#.... #.....# #######
#####.# #.....# #.#
#.....################.#
+....oo@..............>#
#.....################.#
#....)# #.# #.....# #.#
#......# #.# $.......#
##[# #......##
#############..# .......
................ #....##
########....####


You could see an orc priest and an orc.

Vanquished Creatures
  An orc priest (D:3)
  2 adders (D:2)
  An orc (D:3)
  A bat (D:2)
  An endoplasm (D:2)
  2 giant cockroaches
  3 goblins
  6 hobgoblins
  8 jackals
  6 kobolds
  5 quokkas
  3 ball pythons
  2 frilled lizards
  6 rats
47 creatures vanquished.

Notes
Turn   | Place    | Note
-------+----------+-------------------------------------------
     0 | D:1      | Metae the Minotaur Fighter began the quest for the Orb.
     0 | D:1      | Reached XP level 1. HP: 19/19 MP: 0/0
   135 | D:1      | Reached XP level 2. HP: 27/27 MP: 1/1
   708 | D:1      | Reached skill level 1 in Dodging
   824 | D:2      | Found a faded altar of an unknown god.
   879 | D:2      | Reached XP level 3. HP: 33/33 MP: 2/2
  1911 | D:3      | Reached XP level 4. HP: 40/40 MP: 3/3
  1929 | D:3      | Killed from afar by an orc priest

Illustrated notes

Levels and vault maps discovered:
D:1:      lightli_arrival_windingriver, layout_loops_ring
D:2:      layout_basic, basic_ecumenical_altar, nrook_uturn
D:3:      layout_basic

Skill      XL: |  1  2  3 |
---------------+----------+-----
Dodging        | 1 |  1.5
Fighting       | 4 |  4.1
Armour         | 4 |  4.2
Shields        | 4 |  4.2
Axes           | 3 |  3.2

Action                     |  1- 3 |  4- 6 || total
---------------------------+-------+-------++-------
  Melee: War axe           |   111 |     5 ||   116
         Headbutt          |    12 |       ||    12
 Armour: Scale mail        |    22 |       ||    22
         Chain mail        |    46 |     4 ||    50
  Dodge: Dodged            |    41 |       ||    41
  Block: Buckler           |     6 |       ||     6
         Kite shield       |    43 |     4 ||    47
